 Dungeon Crawl Stone Soup version 0.19.5 (webtiles) character file.

3874413 Sphara the Slayer (level 27, 213/213 (214) HPs)
             Began as a Halfling Abyssal Knight on Apr 9, 2017.
             Was the Champion of Lugonu.
             Escaped with the Orb
             ... and 7 runes on Apr 27, 2017!
             The game lasted 11:29:31 (112337 turns).

Sphara the Slayer (Halfling Abyssal Knight)       Turns: 112337, Time: 11:29:32

HP:   213/213 (214) AC: 38    Str: 20    XL:     27
MP:   46/46         EV: 35    Int: 13    God:    Lugonu [******]
Gold: 4752          SH: 12    Dex: 23    Spells: 12 memorised, 14 levels left

rFire  + . .     SeeInvis +     j - +9 quick blade (elec)
rCold  + . .     Gourm    .     B - quicksilver dragon scales
rNeg   + + +     Faith    .     p - +1 buckler {rF+}
rPois  +         Spirit   +     D - +2 helmet {Int+3}
rElec  +         Reflect  .     P - +2 cloak "Nabe" {+Blink rElec MR-}
rCorr  .         Harm     .     w - +2 pair of gloves {Dex+3}
MR     ++...                    z - +2 pair of boots {run}
Stlth  +++.......               q - amulet of guardian spirit
                                g - ring of Maybe {*Slow rPois rN+++ MP+9 AC+4 SInv}
                                I - ring of protection from cold

@: repel missiles, quick
A: mutation resistance 1
a: Depart the Abyss, Bend Space, Banish, Corrupt, Enter the Abyss, Renounce
Religion, Evoke Blink
0: Orb of Zot
}: 7/15 runes: decaying, slimy, silver, abyssal, glowing, dark, gossamer


You escaped.
You worshipped Lugonu.
Lugonu was exalted by your worship.
You were not hungry.

You visited 13 branches of the dungeon, and saw 60 of its levels.
You visited Pandemonium 1 time, and saw 7 of its levels.
You visited the Abyss 4 times.
You visited 4 bazaars.
You also visited: Labyrinth, Trove, Ossuary, Ice Cave and Volcano.

You collected 10410 gold pieces.
You spent 5658 gold pieces at shops.

Inventory:

Hand Weapons
 j - a +9 quick blade of electrocution (weapon)
 s - a +9 vampiric quick blade
Missiles
 V - 3 throwing nets (quivered)
Armour
 i - a +2 cloak of magic resistance
 p - a +1 buckler of fire resistance (worn)
 w - a +2 pair of gloves of dexterity (worn)
 z - a +2 pair of boots of running (worn)
 B - quicksilver dragon scales (worn)
 D - a +2 helmet of intelligence (worn)
 P - the +2 cloak "Nabe" (worn) {+Blink rElec MR-}
   (You found it on level 4 of the Depths)

   It insulates you from electricity.
   It affects your resistance to hostile enchantments.
   It lets you blink.
 R - a +2 cloak of invisibility
Rods
 x - a +1 rod of clouds (13/13)
   (You found it in a treasure trove)
 C - a +3 rod of shadows (13/13)
   (You took it off a minotaur in a labyrinth)
Jewellery
 g - the ring of Maybe (right hand) {*Slow rPois rN+++ MP+9 AC+4 SInv}
   (You found it on level 3 of the Lair of Beasts)

   [ring of protection]

   It affects your AC (+4).
   It protects you from poison.
   It renders you almost immune to negative energy.
   It affects your magic capacity (+9).
   It lets you see invisible.
   It may slow you when you take damage.
 n - an uncursed ring of resist corrosion
 q - an amulet of guardian spirit (around neck)
 I - a ring of protection from cold (left hand)
 Q - an uncursed ring of protection from fire
 X - a +4 ring of protection
Wands
 k - a wand of hasting (4/9)
 y - a wand of digging (10/24)
 H - a wand of teleportation (4/9)
 M - a wand of iceblast (7/15)
 N - a wand of heal wounds (7/9)
 S - a wand of disintegration (10/24)
 Y - a wand of acid (3/15)
Scrolls
 d - a scroll of magic mapping
 e - 33 scrolls of remove curse
 l - 10 scrolls of blinking
 v - 29 scrolls of identify
 G - 5 scrolls of holy word
 K - 13 scrolls of fear
 T - 10 scrolls of recharging
 U - 2 scrolls of summoning
 W - a scroll of fog
Potions
 b - 5 potions of cancellation
 c - 5 potions of berserk rage
 h - a potion of magic
 m - 12 potions of heal wounds
 o - a potion of curing
 t - a potion of brilliance
 u - 4 potions of haste
 F - 7 potions of agility
 J - 9 potions of might
 O - 3 potions of resistance
Miscellaneous
 a - a lamp of fire
 f - a phial of floods (inert)
 E - 3 boxes of beasts
 L - a fan of gales
 Z - a sack of spiders
Comestibles
 A - 23 meat rations


   Skills:
 * Level 24.2 Fighting
 - Level 17.0 Short Blades
 - Level 22.0 Armour
 - Level 24.0 Dodging
 - Level 20.0 Stealth
 - Level 16.0 Shields
 - Level 10.0 Spellcasting
 - Level 4.4 Hexes
 - Level 8.7 Charms
 - Level 12.5 Necromancy
 - Level 8.5 Translocations
 - Level 12.7 Invocations
 * Level 16.4 Evocations


You had 14 spell levels left.
You knew the following spells:

 Your Spells              Type           Power        Failure   Level  Hunger
a - Blink                 Tloc           N/A          1%          2    None
b - Animate Skeleton      Necr           N/A          1%          1    None
c - Apportation           Tloc           ####......   1%          1    None
d - Repel Missiles        Chrm/Air       ###...       4%          2    None
e - Lesser Beckoning      Tloc           ####......   1%          3    #......
f - Spectral Weapon       Hex/Chrm       ###.....     2%          3    #......
g - Regeneration          Chrm/Necr      ####......   1%          3    #......
h - Song of Slaying       Chrm           ####....     1%          2    None
i - Dispel Undead         Necr           #####...     2%          5    #####..
j - Corpse Rot            Necr           N/A          1%          2    None
k - Control Undead        Necr           #####.....   1%          4    ###....
l - Passage of Golubria   Tloc           N/A          4%          4    ###....


Dungeon Overview and Level Annotations

Branches:
Dungeon (15/15)            Temple (0/1) D:6            Lair (6/6) D:8
  Swamp (4/4) Lair:2       Spider (4/4) Lair:4        Slime (5/5) Lair:6
    Orc (2/2) D:12            Elf (3/3) Orc:2        Vaults (5/5) D:14
  Crypt (3/3) Vaults:2       Tomb (2/3) Crypt:3      Depths (5/5) D:15
   Hell (1/1)                 Zot (5/5) Depths:5
    Dis: Hell:1         Geh: Hell:1         Coc: Hell:1         Tar: Hell:1

Altars:
Cheibriados
Fedhas
Nemelex Xobeh
Sif Muna
Trog
Vehumet
Xom
Yredelemnul
Zin
The Shining One
Beogh
Jiyva

Shops:
D:8 !   D:10 *   Orc:2 ?[?:   Vaults:2 [   Vaults:5 (   Depths:4 (}}(

Portals:
Hell: Depths:1 Depths:2 Depths:3 Depths:4 Depths:5
Abyss: Depths:2 Depths:3 Depths:4
Pandemonium: Orc:2 Depths:3
Ziggurat: Depths:1

Annotations:
D:4 exclusion: downstairs, Robin
D:6 exclusion: 2 downstairs
Lair:6 corrupted
Elf:2 5 runed doors
Hell Geryon
Zot:5 corrupted


Innate Abilities, Weirdness & Mutations

You are small and have problems with some larger weapons.
You are somewhat resistant to further mutation.


Message History

There is a stone staircase leading down here.
You hear a grinding noise.
You hear a grinding noise.
You hear a grinding noise.
You hear a grinding noise.
An Orb Guardian comes into view.
You hear a grinding noise.
You hear a grinding noise.
You hear a grinding noise.
You hear a grinding noise.
A cacodemon comes into view.
A frilled lizard comes into view.
You hear a grinding noise.
You hear a grinding noise.
A demonic crawler comes into view.
You hit the frilled lizard.
You kill the frilled lizard!
Lugonu accepts your kill.
There is a staircase leading out of the dungeon, spattered with blood here.
You have escaped!

...............########...###.##.
.....).......#.# #...###..##
......)......#.########....###.#
..###.########.................##
..'.#...# #############....###..#
..#.###.# #≈≈≈≈≈≈≈≈≈≈≈##...# #...
..#.# #.# #≈≈≈≈.≈.≈≈≈≈##...# #...
....# #.# #≈≈≈≈...≈≈≈≈##.... #...
..### #.# #≈≈≈..@.≈≈≈≈#.##2. #...
..#####.# #≈≈≈......≈2....# #.#.
........# #≈≈...sX..≈≈...# #.#.
........# #≈....≈≈..≈≈#.# #...
........# #≈≈.≈≈≈≈..≈≈.# ####
........# #≈..≈≈≈.≈..≈## #
.......## #..≈≈.≈≈≈...# #
.......# #....≈≈≈≈...# # .......#
#..≈≈≈≈≈≈≈.## #######


You could see a cacodemon, an Orb Guardian and a demonic crawler.

Vanquished Creatures
  the Royal Jelly (Slime:5)
  Gloorx Vloq (Pan)
  Mnoleg (Pan)
  3 orbs of fire (Zot:5)
  6 ancient liches
  A juggernaut (Depths:2)
  Boris (Vaults:4)
  Sojobo (Crypt:3)
  Bai Suzhen (Depths:2)
  2 curse toes
  Saint Roka (Depths:3)
  2 Killer Klowns
  10 golden dragons
  2 caustic shrikes (Depths:2)
  Nikola (Swamp:2)
  A profane servitor (Abyss:1)
  6 electric golems
  Arachne (Spider:2)
  A bone dragon (Crypt:3)
  A Tzitzimitl (Pan)
  20 tentacled monstrosities
  A Hell Sentinel (Pan)
  9 quicksilver dragons
  The ghost of spiff the Spry, an adept HEFi of Okawaru (Vaults:1)
  8 liches
  2 deep elf master archers (Elf:3)
  21 Orb Guardians (Zot:5)
  11 titans
  21 acid blobs
  12 Executioners (Pan)
  A deep elf blademaster (Elf:3)
  3 ancient champions
  7 tentacled starspawn
  10 death cobs
  12 sphinxes
  29 storm dragons
  2 thorn hunters
  11 shadow dragons
  8 azure jellies
  2 revenants
  10 tengu reavers
  9 draconian monks
  16 fire giants
  7 deep elf sorcerers
  17 vault wardens
  3 draconian knights
  13 frost giants
  11 iron dragons
  5 emperor scorpions
  A fire giant (shapeshifter) (Vaults:5)
  7 ghost moths
  2 orc warlords (D:15)
  2 warmongers (Pan)
  6 deep elf elementalists
  10 draconian scorchers
  12 cacodemons
  6 draconian shifters
  6 ghouls
  7 draconian zealots
  A juggernaut zombie (Crypt:1)
  19 ironheart preservers
  9 draconian annihilators
  4 curse skulls
  33 stone giants
  2 reapers (Pan)
  7 spriggan defenders
  29 very ugly things
  11 deep elf demonologists
  4 war gargoyles (Crypt:3)
  11 black draconians
  4 draconian callers
  10 vampire knights
  2 corrupters (Pan)
  14 green draconians
  5 entropy weavers
  Azrael (D:14)
  10 deep elf annihilators
  9 white draconians
  6 lorocyprocas
  11 mottled draconians
  10 yellow draconians
  4 purple draconians
  14 spark wasps
  A dire elephant (shapeshifter) (Depths:3)
  11 ettins
  8 red draconians
  2 eidola
  A blizzard demon (Pan)
  7 crystal guardians
  7 deep elf death magi
  9 yaktaur captains
  7 mummy priests (Tomb:1)
  A fire dragon (shapeshifter) (Vaults:2)
  2 quicksilver dragon zombies
  A minotaur (Lab)
  5 death oozes
  11 fire dragons
  10 ogre magi
  6 jiangshi
  Josephine (Orc:2)
  8 deep elf high priests
  10 great orbs of eyes
  3 quicksilver dragon skeletons
  37 vault guards
  20 ice dragons
  A naga warrior (Abyss:3)
  18 hydras
  3 monstrous demonspawn (Pan)
  A ghost crab (Swamp:3)
  6 spriggan air magi
  A hell beast (Pan)
  10 rakshasas
  2 catoblepae
  2 ghost crabs (shapeshifter)
  18 dancing weapons
  3 death knights
  7 alligators
  8 centaur warriors
  11 death scarabs (Tomb:1)
  2 deep troll earth magi
  11 tengu warriors
  10 vampire magi
  4 thrashing horrors
  3 deep troll shamans
  6 orc high priests
  8 soul eaters
  12 spriggan berserkers
  Sonja (D:12)
  2 titan zombies
  A storm dragon zombie (Depths:4)
  28 deep elf knights
  7 sun demons
  14 hell knights
  15 spriggans
  4 wretched stars
  8 shadow wraiths
  34 large abominations
  10 sixfirhies
  5 iron trolls (Depths:5)
  A spriggan druid (Swamp:3)
  2 gelid demonspawn (Orc:2)
  2 shadow demons (Pan)
  23 skeletal warriors
  A torturous demonspawn (Pan)
  3 unseen horrors
  4 flayed ghosts
  5 wizards
  5 glowing orange brains
  15 deep trolls
  A swamp dragon (shapeshifter) (Abyss:1)
  A golden dragon zombie (Crypt:3)
  An infernal demonspawn (Pan)
  8 hill giants
  20 deep elf archers
  A tengu zombie (D:15)
  A shambling mangrove (Swamp:3)
  12 ironbrand convokers
  A glowing orange brain (shapeshifter) (Depths:2)
  10 swamp dragons
  A lindwurm (Swamp:4)
  A wolf spider (shapeshifter) (Depths:2)
  9 phantasmal warriors
  61 deep elf magi
  A mana viper (shapeshifter) (Vaults:5)
  12 necromancers
  40 wolf spiders
  28 orc knights
  62 ugly things
  4 shining eyes
  A manticore (shapeshifter) (Depths:4)
  29 orb spiders
  A fire giant zombie (D:15)
  13 orc sorcerers
  2 stone giant zombies
  A shadow dragon skeleton (Crypt:3)
  4 manticores
  A salamander (shapeshifter) (Depths:4)
  19 cyclopes
  An elephant (shapeshifter) (Depths:4)
  A hell hog skeleton (Crypt:2)
  23 moths of wrath
  6 elephants
  2 stone giant skeletons
  An iron dragon skeleton (Pan)
  4 black mambas
  4 eyes of devastation
  5 toenail golems (Volcano)
  A guardian serpent (Abyss:3)
  Maurice (Orc:2)
  Joseph (D:7)
  An ice statue (IceCv)
  A fire giant skeleton (Crypt:3)
  Psyche (D:8)
  2 torpor snails
  16 vault sentinels
  A rust devil (Depths:3)
  A spriggan zombie (Depths:4)
  An apocalypse crab (Abyss:1)
  A black mamba (shapeshifter) (Vaults:3)
  2 frost giant skeletons
  9 spiny frogs
  A hellion (Zot:2)
  A yellow draconian zombie (Crypt:2)
  4 gargoyles
  10 smoke demons
  2 dire elephant skeletons
  4 rime drakes
  8 orange demons (Pan)
  A golden dragon simulacrum (Depths:4)
  16 guardian mummies
  40 yaktaurs
  6 hellwings
  An efreet (D:15)
  8 komodo dragons
  2 ice devils
  9 freezing wraiths
  3 tengu conjurers
  25 demonic crawlers
  A catoblepas skeleton (Pan)
  55 jumping spiders
  4 red devils
  An ancient zyme (Abyss:1)
  A harpy zombie (Crypt:1)
  20 polar bears
  9 tyrant leeches
  11 trolls
  A troll (shapeshifter) (Elf:3)
  A sphinx simulacrum (Vaults:2)
  8 bog bodies
  A hippogriff (shapeshifter) (D:15)
  30 hornets
  A raiju (shapeshifter) (Depths:3)
  13 two-headed ogres
  10 blink frogs
  A harpy skeleton (Crypt:2)
  A minotaur skeleton (Lab)
  An ettin zombie (Depths:1)
  3 fire dragon zombies
  A hornet (shapeshifter) (Depths:4)
  Prince Ribbit (D:7)
  A hydra skeleton (Crypt:3)
  5 raiju
  131 slime creatures
  8 hippogriffs
  A frost giant simulacrum (Depths:4)
  A fire dragon skeleton (Abyss:1)
  11 air elementals
  9 small abominations
  3 ettin skeletons
  6 wraiths
  109 redbacks
  A redback (shapeshifter) (Vaults:3)
  43 flying skulls
  5 shadows
  Sigmund (D:4)
  7 ynoxinuls
  Eustachio (D:4)
  8 ushabtiu
  2 spriggans (shapeshifter)
  37 tarantellas
  5 vampires
  4 wyverns
  65 yaks
  4 basilisks
  6 fire elementals
  12 neqoxecs (Pan)
  A water elemental (Elf:2)
  7 golden eyes
  29 vampire mosquitoes
  2 yaktaur simulacra
  A redback simulacrum (D:15)
  8 chaos spawn
  8 hungry ghosts
  13 wargs
  A naga (shapeshifter) (Vaults:2)
  An electric eel (Lair:2)
  3 mottled dragons
  A soldier ant (D:10)
  2 nagas (Abyss:3)
  21 swamp worms
  10 insubstantial wisps
  4 floating eyes (Pan)
  3 hell hounds
  7 water moccasins
  8 porcupines
  A swamp worm (shapeshifter) (Elf:3)
  18 swamp drakes
  55 orc warriors
  13 black bears
  2 spiny frog skeletons (Crypt:2)
  A lindwurm zombie (Crypt:1)
  5 ice beasts
  5 phantoms
  2 hornet zombies
  3 sky beasts
  5 necrophages
  5 eyes of draining
  33 ogres
  A snapping turtle skeleton (Pan)
  15 boggarts
  13 centaurs
  A swamp dragon skeleton (Crypt:1)
  34 wolves
  16 crocodiles
  A crocodile (shapeshifter) (Depths:4)
  5 big kobolds
  A bullfrog (shapeshifter) (Depths:2)
  16 bullfrogs
  3 elf zombies (Elf:1)
  5 gnoll sergeants
  4 earth elementals
  2 wyvern skeletons
  A raiju zombie (Crypt:1)
  7 scorpions
  2 wights (D:7)
  7 killer bees
  3 howler monkeys
  12 crimson imps
  3 quasits
  3 bullfrog zombies
  5 centaur zombies
  9 starcursed masses
  38 orc priests
  4 centaur skeletons
  19 hounds
  6 jellies
  30 orc wizards
  2 bullfrog skeletons
  4 iron imps
  3 iguanas
  16 worker ants
  A mottled dragon zombie (Crypt:2)
  A naga skeleton (Abyss:2)
  2 hound skeletons
  23 mummies
  2 howler monkey zombies
  2 worker ant zombies
  13 gnolls
  11 adders
  5 shadow imps
  3 white imps
  2 ufetubi (Depths:3)
  7 oozes
  An ooze (shapeshifter) (Vaults:5)
  An adder skeleton (D:4)
  3 worms
  A dart slug (D:2)
  4 leopard geckos
  149 orcs
  2 ball pythons
  9 bats
  10 giant cockroaches
  14 goblins
  11 hobgoblins
  19 jackals
  A kobold (shapeshifter) (Vaults:5)
  5 quokkas
  5 frilled lizards
  A goblin skeleton (D:8)
  4 hobgoblin zombies
  16 kobolds
  2 kobold skeletons
  A kobold zombie (D:8)
  2 leopard gecko skeletons (D:4)
  2 leopard gecko zombies
  5 orc skeletons
  3 orc zombies (D:8)
  A quokka skeleton (D:4)
  7 rats
  A briar patch (Swamp:4)
  2 crawling corpses (Depths:2)
  4 fungi
  A plant (Lair:6)
  A spectral weapon (Pan)
  8 starspawn tentacles
3291 creatures vanquished.

Vanquished Creatures (collateral kills)
  Dissolution (Slime:3)
  2 Killer Klowns (Zot:5)
  A golden dragon (shapeshifter) (Vaults:2)
  An electric golem (Zot:2)
  2 tentacled monstrosities
  4 storm dragons
  A shadow dragon (shapeshifter) (Vaults:5)
  A frost giant (Depths:2)
  An iron dragon (Depths:4)
  3 very ugly things
  2 draconian callers (Zot:4)
  A war gargoyle (Vaults:3)
  3 black draconians
  2 mottled draconians (Zot:4)
  A yellow draconian (Depths:5)
  A mummy priest (Tomb:2)
  3 vault guards
  A rakshasa (Depths:4)
  A spriggan air mage (Depths:4)
  5 hydras
  A monstrous demonspawn (Zot:5)
  A death scarab (Tomb:2)
  3 deep troll shamans (Depths:5)
  2 tengu warriors
  A spriggan berserker (Depths:5)
  2 vampire magi
  A sixfirhy (Pan)
  2 skeletal warriors
  A spriggan druid (Swamp:4)
  A wizard (D:14)
  An unseen horror (D:14)
  A swamp dragon (Swamp:4)
  A golden dragon skeleton (Depths:4)
  A phantasmal warrior (Crypt:1)
  2 lindwurms (Swamp:4)
  An orb spider (Spider:1)
  A necromancer (Depths:1)
  An orc sorcerer (Orc:2)
  4 ugly things
  A shining eye (Slime:2)
  2 frost giant skeletons
  2 cyclopes
  An elephant (Lair:3)
  3 moths of wrath
  A gargoyle (D:14)
  2 vault sentinels
  A spiny frog (Lair:6)
  A spriggan skeleton (Depths:4)
  A yaktaur (Vaults:4)
  A komodo dragon (Lair:6)
  A jumping spider (Spider:1)
  4 hornets
  2 slime creatures
  A tyrant leech (Swamp:4)
  A blink frog (Lair:2)
  2 air elementals (Depths:5)
  2 spriggans (Swamp:2)
  A wraith (D:14)
  10 flying skulls (Crypt:3)
  A redback (Spider:4)
  An elf skeleton (Depths:4)
  3 yaks
  A basilisk (Lair:6)
  2 vampire mosquitoes
  A steam dragon (Lair:6)
  An insubstantial wisp (Swamp:2)
  3 hell hounds (Lair:6)
  2 water moccasins
  5 porcupines
  2 orc warriors (Orc:2)
  2 swamp drakes
  3 wolves (Lair:6)
  7 crocodiles
  2 hounds (Lair:6)
  An orc wizard (Orc:2)
  An orc priest (Orc:2)
  A worker ant (D:14)
  2 mummies
  11 white imps (Lair:5)
  6 orcs
  4 plants
  2 starspawn tentacles (Abyss:1)
169 creatures vanquished.

Vanquished Creatures (others)
  3 ancient liches (Zot:5)
  A curse toe (Zot:5)
  A caustic shrike (Depths:4)
  2 Orb Guardians (Zot:5)
  A tentacled monstrosity (Zot:5)
  2 eldritch tentacles (Pan)
  2 vampire knights
  A red draconian (Zot:5)
  2 white draconians (Zot:5)
  A purple draconian (Zot:5)
  A spark wasp (Spider:4)
  A green draconian (Zot:5)
  2 hydras
  An alligator (Swamp:1)
  4 death scarabs
  A deep troll earth mage (Depths:5)
  A death yak (IceCv)
  A deep elf knight (Vaults:4)
  A skeletal warrior (Tomb:1)
  A deep troll (Depths:2)
  5 wizards (Volcano)
  A deep elf mage (Elf:2)
  A shining eye (Slime:5)
  2 moths of wrath (Zot:5)
  5 elephants
  A spiny frog (Lair:6)
  A yaktaur (Vaults:3)
  2 komodo dragons (Lair:6)
  3 polar bears
  2 hornets
  5 dream sheep (Lair:5)
  2 blink frogs (Lair:6)
  The ghost of snowfan the Stinger, an amateur OpVM (Ossuary)
  A water elemental (D:14)
  A ynoxinul (Abyss:3)
  7 yaks
  A tarantella (Spider:4)
  A warg (Lair:6)
  A water moccasin (Lair:6)
  A hell hound (Lair:6)
  2 orc warriors
  An ice beast (D:5)
  A sky beast (D:4)
  A black bear (Lair:6)
  3 ogres
  A crocodile (D:8)
  2 wolves
  3 wights (D:7)
  A small abomination (Abyss:1)
  3 hounds (Lair:6)
  An orc priest (Orc:2)
  An iguana (Lair:6)
  2 mummies (Tomb:1)
  A briar patch (Swamp:4)
  25 fungi
  A lurking horror (Abyss:1)
  30 plants
  216 spectral weapons
  26 starspawn tentacles
395 creatures vanquished.

Grand Total: 3855 creatures vanquished

Notes
Turn   | Place    | Note
-------+----------+-------------------------------------------
     0 | Abyss:1  | Sphara the Halfling Abyssal Knight began the quest for the Orb.
     0 | Abyss:1  | Reached XP level 1. HP: 15/15 MP: 2/2
     2 | D:1      | Escaped the Abyss
   123 | D:1      | Reached * piety under Lugonu
   316 | D:1      | Reached XP level 2. HP: 21/21 MP: 3/3
   631 | D:1      | Reached XP level 3. HP: 26/26 MP: 4/4
  1102 | D:2      | Learned a level 2 spell: Blink
  1102 | D:2      | Found a sparkling altar of Nemelex Xobeh.
  1730 | D:2      | Reached skill level 1 in Stealth
  2078 | D:3      | Reached XP level 4. HP: 24/31 MP: 5/5
  2254 | D:3      | Reached ** piety under Lugonu
  2344 | D:3      | Noticed a bullfrog
  2364 | D:3      | Killed a bullfrog
  2364 | D:3      | Reached XP level 5. HP: 25/37 MP: 6/6
  2858 | D:4      | Reached XP level 6. HP: 38/43 MP: 7/7
  2873 | D:4      | Noticed Sigmund
  3012 | D:3      | Reached skill level 5 in Short Blades
  3485 | D:5      | Entered Level 5 of the Dungeon
  3593 | D:5      | Noticed an ogre
  3901 | D:5      | Noticed an ice beast
  3921 | D:5      | Noticed a phantom
  3931 | D:4      | Noticed Eustachio
  3931 | D:4      | Noticed Robin
  4169 | D:4      | Reached *** piety under Lugonu
  4169 | D:4      | Reached XP level 7. HP: 40/47 MP: 9/9
  4229 | D:4      | Killed Eustachio
  5356 | D:4      | Reached XP level 8. HP: 44/54 MP: 11/11
  5840 | D:6      | Found a staircase to the Ecumenical Temple.
  6138 | D:6      | Reached skill level 5 in Invocations
  6778 | D:6      | Reached skill level 1 in Evocations
  6865 | D:7      | Noticed Prince Ribbit
  7646 | D:4      | Reached skill level 5 in Fighting
  7656 | D:4      | Reached XP level 9. HP: 48/61 MP: 7/12
  7766 | D:4      | Killed Sigmund
  8575 | D:8      | Found a sand-covered staircase.
  8584 | Ossuary  | Entered an ossuary
  8653 | Ossuary  | Noticed snowfan's ghost (amateur OpVM)
  8658 | Ossuary  | Banished snowfan's ghost
  9868 | D:8      | Found Coamar's Distillery.
  9873 | D:8      | Bought a potion of mutation for 25 gold pieces
  9873 | D:8      | Bought a potion of degeneration for 10 gold pieces
  9873 | D:8      | Bought a potion of heal wounds for 50 gold pieces
  9873 | D:8      | Bought a potion of curing for 30 gold pieces
  9873 | D:8      | Bought a potion of might for 40 gold pieces
  9873 | D:8      | Bought a potion of haste for 100 gold pieces
  9878 | D:8      | Bought a potion of ambrosia for 80 gold pieces
  9878 | D:8      | Bought a potion of curing for 30 gold pieces
  9878 | D:8      | Bought a potion of flight for 30 gold pieces
  9878 | D:8      | Bought a potion of brilliance for 40 gold pieces
  9958 | D:8      | Reached skill level 5 in Evocations
 10184 | D:8      | Found a staircase to the Lair.
 10411 | D:7      | Killed Prince Ribbit
 10411 | D:7      | Reached XP level 10. HP: 69/69 MP: 13/13
 10494 | D:7      | Noticed Joseph
 10537 | D:7      | Killed Joseph
 10949 | D:7      | Learned a level 1 spell: Animate Skeleton
 11271 | D:7      | Reached **** piety under Lugonu
 12060 | D:8      | Reached skill level 5 in Dodging
 12413 | D:8      | Found a glowing golden altar of the Shining One.
 12450 | D:8      | Noticed Psyche
 12454 | D:8      | Killed Psyche
 13154 | D:9      | Reached XP level 11. HP: 78/78 MP: 16/16
 13394 | D:9      | Reached ***** piety under Lugonu
 13702 | D:9      | Found a glowing silver altar of Zin.
 13786 | D:9      | Found a deep blue altar of Sif Muna.
 14314 | D:10     | Entered Level 10 of the Dungeon
 14617 | D:10     | Reached skill level 5 in Armour
 14759 | D:10     | Noticed a catoblepas
 14817 | D:10     | Killed a catoblepas
 15778 | D:10     | Found Soq Zus's General Store.
 15788 | D:10     | Bought a scroll of identify for 26 gold pieces
 16370 | D:10     | Reached XP level 12. HP: 61/86 MP: 18/18
 16949 | D:11     | Found a portal to a secret trove of treasure.
 17496 | D:11     | Noticed a five-headed hydra
 17497 | D:11     | Banished a five-headed hydra
 18092 | D:11     | Reached skill level 10 in Short Blades
 18708 | D:12     | Noticed a skeletal warrior
 18850 | D:12     | Noticed a skeletal warrior
 18939 | D:10     | Reached skill level 10 in Fighting
 18939 | D:10     | Reached skill level 1 in Translocations
 19041 | Lair:1   | Entered Level 1 of the Lair of Beasts
 19060 | Lair:1   | Reached ****** piety under Lugonu
 19591 | Lair:1   | Reached skill level 1 in Spellcasting
 20732 | Lair:2   | Reached XP level 13. HP: 92/92 MP: 19/19
 20767 | Lair:2   | Reached skill level 1 in Necromancy
 21515 | Lair:2   | Reached skill level 5 in Translocations
 21945 | Lair:2   | Found a staircase to the Swamp.
 22761 | Lair:3   | Learned a level 1 spell: Apportation
 22766 | Lair:3   | Learned a level 2 spell: Repel Missiles
 22768 | Lair:3   | Got a crude marble ring
 22770 | Lair:3   | Identified the ring of Maybe {*Slow rPois rN+++ MP+9 AC+4 SInv} (You found it on level 3 of the Lair of Beasts)
 23634 | Lair:4   | Found a dark tunnel.
 23686 | Volcano  | Entered a volcano
 24145 | Lair:4   | Found a hole to the Spider Nest.
 24641 | Lair:4   | Learned a level 3 spell: Lesser Beckoning
 25311 | Lair:4   | Reached XP level 14. HP: 74/101 MP: 20/20
 25586 | Lair:5   | Found a shimmering altar of Xom.
 25757 | Lair:5   | Found a frozen archway.
 25847 | IceCv    | Entered an ice cave
 26345 | IceCv    | Identified a +2 quick blade of distortion (a +0 quick blade of flaming corrupted by Lugonu)
 26345 | IceCv    | Received a gift from Lugonu
 27031 | IceCv    | Noticed a frost giant
 27041 | IceCv    | Banished a frost giant
 27981 | Lair:6   | Entered Level 6 of the Lair of Beasts
 28164 | Lair:5   | Reached skill level 5 in Spellcasting
 28422 | Lair:6   | Found a viscous altar of Jiyva.
 28422 | Lair:6   | Found a staircase to the Slime Pits.
 28630 | Lair:6   | Corrupted Lair:6
 28630 | Lair:6   | Noticed a tentacled starspawn
 28630 | Lair:6   | Noticed a starcursed mass
 28632 | Lair:6   | Noticed a bone dragon
 29536 | Lair:6   | Got a slimy short sword
 29710 | Lair:6   | Reached skill level 5 in Stealth
 29814 | Lair:6   | Reached XP level 15. HP: 100/108 MP: 22/22
 29953 | Lair:6   | Reached skill level 10 in Invocations
 30826 | D:10     | Bought a scroll of torment for 97 gold pieces
 30829 | D:10     | Bought a scroll of magic mapping for 45 gold pieces
 31217 | D:12     | Noticed Sonja
 31225 | D:12     | Killed Sonja
 31467 | D:12     | Found a staircase to the Orcish Mines.
 31563 | D:12     | Reached skill level 10 in Dodging
 32027 | D:13     | Reached skill level 1 in Shields
 32117 | D:13     | Found a labyrinth entrance.
 32142 | Lab      | Entered a labyrinth
 32579 | Lab      | Found an exit through the horrors of the Abyss.
 32968 | Lab      | Identified a +3 rod of shadows (7/13) (You took it off a minotaur in a labyrinth)
 32997 | Lab      | Identified the Disquisition on the Rocks and Translocation
 33001 | Lab      | Identified the +7 short sword of Veaxyed {pierce, rC+} (You found it on level 6 of the Lair of Beasts)
 33226 | D:13     | Learned a level 3 spell: Spectral Weapon
 33230 | D:13     | Learned a level 3 spell: Regeneration
 33233 | D:13     | Learned a level 2 spell: Song of Slaying
 33309 | D:13     | Reached skill level 1 in Hexes
 33384 | D:13     | Reached skill level 1 in Charms
 33861 | D:14     | Found a flickering gateway to a bazaar.
 33972 | D:14     | Noticed Azrael
 33980 | D:14     | Killed Azrael
 34077 | D:15     | Entered Level 15 of the Dungeon
 34167 | Bazaar   | Entered a bazaar
 34167 | Bazaar   | Found Tatuoh's Antique Armour Shop.
 34167 | Bazaar   | Found Weogocot's Distillery.
 34192 | Bazaar   | Found Amecu's Antique Weapon Shop.
 34233 | Bazaar   | Bought 2 potions of curing for 78 gold pieces
 34233 | Bazaar   | Bought 2 potions of heal wounds for 130 gold pieces
 34233 | Bazaar   | Bought a potion of might for 52 gold pieces
 34233 | Bazaar   | Bought a potion of might for 52 gold pieces
 34233 | Bazaar   | Bought a potion of brilliance for 52 gold pieces
 34233 | Bazaar   | Bought a potion of cancellation for 104 gold pieces
 34233 | Bazaar   | Bought a potion of cancellation for 104 gold pieces
 34248 | Bazaar   | Bought a fine broad axe for 198 gold pieces
 34498 | D:14     | Reached skill level 5 in Shields
 34836 | D:14     | Found a gate to the Vaults.
 34971 | D:14     | Reached XP level 16. HP: 115/115 MP: 23/23
 35314 | D:14     | Reached skill level 5 in Charms
 35683 | D:15     | Found a blossoming altar of Fedhas.
 35977 | D:15     | Found a staircase to the Depths.
 37408 | Orc:1    | Entered Level 1 of the Orcish Mines
 37675 | Orc:2    | Entered Level 2 of the Orcish Mines
 37675 | Orc:2    | Noticed Maurice
 37688 | Orc:2    | Killed Maurice
 37872 | Orc:2    | Found a staircase to the Elven Halls.
 37951 | Orc:2    | Found a roughly hewn altar of Beogh.
 38233 | Orc:2    | Noticed Josephine
 38322 | Orc:2    | Killed Josephine
 38372 | Orc:2    | Found Suasant's Magic Scroll Boutique.
 38376 | Orc:2    | Found Dottua's Magic Scroll Shop.
 39220 | Orc:2    | Bought a scroll of blinking for 105 gold pieces
 39222 | Orc:2    | Bought a scroll of enchant weapon for 127 gold pieces
 39534 | Orc:2    | Reached XP level 17. HP: 108/121 MP: 27/27
 39545 | Orc:2    | Found Xogil's Book Emporium.
 39545 | Orc:2    | Found Zuiptaboe's Antique Armour Shoppe.
 39545 | Orc:2    | Found a one-way gate leading to the halls of Pandemonium.
 39638 | Orc:2    | Bought a transparent ring mail for 243 gold pieces
 39639 | Orc:2    | Identified the +1 ring mail of the Neverending Souls {*Corrode +Blink rF++ Str+2} (You bought it in a shop on level 2 of the Orcish Mines)
 39672 | Orc:2    | Bought a scroll of identify for 28 gold pieces
 39672 | Orc:2    | Bought a scroll of identify for 28 gold pieces
 39672 | Orc:2    | Bought a scroll of identify for 28 gold pieces
 39672 | Orc:2    | Bought a scroll of magic mapping for 49 gold pieces
 39674 | Orc:2    | Bought 2 scrolls of fear for 119 gold pieces
 39674 | Orc:2    | Bought a scroll of identify for 34 gold pieces
 39674 | Orc:2    | Bought a scroll of identify for 34 gold pieces
 39674 | Orc:2    | Bought a scroll of identify for 34 gold pieces
 39674 | Orc:2    | Bought a scroll of teleportation for 51 gold pieces
 39674 | Orc:2    | Bought a scroll of teleportation for 51 gold pieces
 39674 | Orc:2    | Bought a scroll of enchant armour for 127 gold pieces
 39681 | Orc:2    | Bought a scroll of holy word for 105 gold pieces
 39975 | Swamp:1  | Entered Level 1 of the Swamp
 41155 | Swamp:2  | Noticed a thorn hunter
 41168 | Swamp:2  | Killed a thorn hunter
 41596 | Swamp:2  | Noticed Nikola
 41605 | Swamp:2  | Killed Nikola
 42872 | Swamp:3  | Identified Sif Muna's Compendium of the Warrior-Mage
 43232 | Swamp:3  | Reached XP level 18. HP: 121/132 MP: 28/28
 43546 | Swamp:4  | Entered Level 4 of the Swamp
 43822 | Swamp:4  | Reached skill level 10 in Evocations
 43956 | Swamp:4  | Got a decaying rune of Zot
 43989 | Swamp:4  | Reached skill level 15 in Fighting
 44800 | Spider:1 | Entered Level 1 of the Spider Nest
 46048 | Spider:1 | Reached skill level 10 in Armour
 46543 | Spider:1 | Reached XP level 19. HP: 139/139 MP: 29/29
 46912 | Spider:1 | PROBABLY THE MOST CROWDED SPIDER:1 I HAVE EVER CLEARED
 47698 | Spider:2 | Noticed Arachne
 47720 | Spider:2 | Killed Arachne
 48664 | Spider:3 | Identified the +1 scale mail of Misuuv {rPois Str+4 Int-3 Stlth+} (You found it on level 3 of the Spider Nest)
 49442 | Spider:3 | Identified the Papyrus of Cold
 50077 | Spider:4 | Entered Level 4 of the Spider Nest
 50103 | Spider:4 | Identified the +1 leather armour "Kaguq" {rC++} (You found it on level 4 of the Spider Nest)
 50426 | Spider:4 | Learned a level 5 spell: Dispel Undead
 50469 | Spider:4 | Learned a level 2 spell: Corpse Rot
 50689 | Spider:4 | Reached skill level 10 in Stealth
 51484 | Spider:4 | Reached XP level 20. HP: 141/145 MP: 30/30
 51873 | Spider:4 | Got a gossamer rune of Zot
 52995 | Elf:1    | Entered Level 1 of the Elven Halls
 53277 | Elf:1    | Identified the Disquisition on Evil Rites
 53951 | Elf:2    | Noticed an Ice Fiend
 54272 | Elf:2    | Reached skill level 5 in Necromancy
 54529 | Elf:2    | Found a huge runed gate.
 54531 | Elf:2    | Found a huge runed gate.
 54531 | Elf:2    | Found a huge runed gate.
 54543 | Elf:2    | Found a huge runed gate.
 54543 | Elf:2    | Found a huge runed gate.
 55078 | Elf:2    | Found a radiant altar of Vehumet.
 55209 | Elf:3    | Entered Level 3 of the Elven Halls
 55483 | Elf:3    | Found a gateway to a bazaar.
 55926 | Elf:3    | Found a bloodstained altar of Trog.
 56243 | D:11     | Reached XP level 21. HP: 153/153 MP: 31/31
 56306 | D:11     | You paid a toll of 18 potions of curing to enter a treasure trove
 56307 | Trove    | Entered a treasure trove
 56322 | Trove    | Identified a +0 rod of clouds (11/11) (You found it in a treasure trove)
 56476 | Vaults:1 | Entered Level 1 of the Vaults
 56709 | Vaults:1 | Found a flickering gateway to a bazaar.
 56986 | Bazaar   | Entered a bazaar
 56988 | Bazaar   | Found Desacw's Antique Armour Boutique.
 56992 | Bazaar   | Found Sonnisur's Distillery.
 56992 | Bazaar   | Found Uzatuedi's Magic Scroll Boutique.
 56992 | Bazaar   | Found Jeumoric's Magic Scroll Boutique.
 57010 | Bazaar   | Bought a potion of curing for 33 gold pieces
 57010 | Bazaar   | Bought a potion of resistance for 110 gold pieces
 57010 | Bazaar   | Bought a potion of heal wounds for 55 gold pieces
 57010 | Bazaar   | Bought 2 potions of curing for 66 gold pieces
 57010 | Bazaar   | Bought a potion of might for 44 gold pieces
 57031 | Bazaar   | Bought a scroll of blinking for 67 gold pieces
 57031 | Bazaar   | Bought a scroll of teleportation for 27 gold pieces
 57057 | Bazaar   | Bought 2 scrolls of identify for 36 gold pieces
 57575 | Vaults:1 | Noticed spiff's ghost (adept HEFi)
 57623 | Vaults:1 | Killed spiff's ghost
 59146 | Vaults:2 | Reached skill level 10 in Necromancy
 59462 | Vaults:2 | Found a staircase to the Crypt.
 60301 | Vaults:2 | Found Melavit's Armour Boutique.
 60515 | Vaults:2 | Reached XP level 22. HP: 151/162 MP: 32/32
 61163 | Vaults:2 | Noticed a golden dragon
 61201 | Vaults:2 | Killed a golden dragon
 61283 | Vaults:2 | Reached skill level 10 in Shields
 62024 | Vaults:3 | Reached skill level 15 in Dodging
 64264 | Elf:3    | Reached XP level 23. HP: 169/169 MP: 33/33
 64982 | Elf:3    | Got a slimy rapier {pierce}
 64983 | Elf:3    | Identified the cursed +1 rapier "Xomahusa" {pierce, +Fly rElec} (You took it off a deep elf elementalist on level 3 of the Elven Halls)
 66016 | Elf:3    | Got a transparent dagger {pierce}
 66017 | Elf:3    | Identified the +7 dagger of the Owl {pierce, rPois} (You took it off a deep elf mage on level 3 of the Elven Halls)
 66157 | Elf:3    | Cast into level 3 of the Abyss (deep elf elementalist)
 66159 | Elf:3    | Escaped the Abyss
 66252 | Elf:3    | Reached XP level 24. HP: 177/177 MP: 33/33
 66303 | Elf:3    | Got a faintly glowing helmet
 66314 | Elf:3    | Identified the +0 helmet of Geam {MR+ Dex+4 SInv} (You found it on level 3 of the Elven Halls)
 66399 | Elf:3    | Learned a level 4 spell: Control Undead
 66664 | Bazaar   | Entered a bazaar
 66664 | Bazaar   | Found Exeogew's Food Shoppe.
 66664 | Bazaar   | Found Icwafoss's Jewellery Shop.
 66666 | Bazaar   | Found Gieh's Book Emporium.
 66666 | Bazaar   | Found Iribair's Distillery.
 66727 | Bazaar   | Bought an uncursed amulet of guardian spirit for 450 gold pieces
 66879 | Bazaar   | Bought an uncursed ring of resist corrosion for 300 gold pieces
 66882 | Bazaar   | Bought a potion of agility for 56 gold pieces
 66882 | Bazaar   | Bought a potion of heal wounds for 70 gold pieces
 66882 | Bazaar   | Bought a potion of resistance for 140 gold pieces
 66882 | Bazaar   | Bought a potion of might for 56 gold pieces
 66882 | Bazaar   | Bought a potion of beneficial mutation for 490 gold pieces
 66882 | Bazaar   | Bought a potion of resistance for 140 gold pieces
 66882 | Bazaar   | Bought a potion of cure mutation for 350 gold pieces
 66882 | Bazaar   | Bought a potion of curing for 42 gold pieces
 66882 | Bazaar   | Bought a potion of haste for 140 gold pieces
 67710 | Vaults:4 | Noticed Boris
 67714 | Vaults:4 | Killed Boris
 67735 | Vaults:4 | Found a flickering gateway to a bazaar.
 68094 | Vaults:4 | WILD GUESS BEFORE ENTERING TIMED BAZAAR:
 68094 | Vaults:4 | GAUNTLETS OF WAR AND NOT ENOUGH GOLD
 68102 | Bazaar   | Entered a bazaar
 68102 | Bazaar   | Found Run Ygiw's Antique Armour Emporium.
 68102 | Bazaar   | Found Onahuelu's Weapon Shoppe.
 68102 | Bazaar   | Found Zuclijun's Antique Armour Emporium.
 68102 | Bazaar   | Found Eciy's Food Emporium.
 68102 | Bazaar   | Found Nibef's Armour Shoppe.
 68132 | Bazaar   | Bought the +4 moon troll leather armour {Spirit, Regen++ MP+5} for 264 gold pieces
 68132 | Bazaar   | Bought a +4 scale mail of fire resistance for 186 gold pieces
 68604 | Vaults:4 | Noticed a golden dragon
 68909 | Vaults:4 | Killed a golden dragon
 69507 | Depths:1 | Entered Level 1 of the Depths
 69816 | Depths:1 | Identified the cursed +0 plate armour of the Leaf {Dex+7} (You found it on level 1 of the Depths)
 69880 | Depths:1 | Found a gateway to a ziggurat.
 69976 | Depths:1 | Learned a level 4 spell: Passage of Golubria
 70286 | Depths:1 | Reached XP level 25. HP: 183/183 MP: 34/34
 70880 | Depths:1 | Found a gateway to Hell.
 71167 | Depths:2 | Noticed Bai Suzhen
 71190 | Depths:2 | Found a snail-covered altar of Cheibriados.
 71611 | Depths:3 | Found a one-way gate to the infinite horrors of the Abyss.
 72553 | Depths:2 | Killed Bai Suzhen
 72619 | Depths:2 | Reached skill level 15 in Armour
 72837 | Depths:2 | Noticed a caustic shrike
 72845 | Depths:2 | Killed a caustic shrike
 73151 | Depths:2 | Noticed a juggernaut
 73181 | Depths:2 | Killed a juggernaut
 73269 | Depths:2 | Reached XP level 26. HP: 151/189 MP: 18/35
 73728 | Depths:2 | Identified the Incunabulum of Flying Heat
 74521 | Depths:3 | Noticed Saint Roka
 74610 | Depths:3 | Killed Saint Roka
 76693 | Depths:4 | Reached XP level 27. HP: 126/199 MP: 11/35
 77605 | Depths:4 | Found Kuihygos's Weapon Emporium.
 77605 | Depths:4 | Found Zecradd's Gadget Boutique.
 77605 | Depths:4 | Found Rohoh's Antique Weapon Shoppe.
 77605 | Depths:4 | Found Vanulame's Gadget Boutique.
 77875 | Depths:4 | Identified the +2 cloak "Nabe" {+Blink rElec MR-} (You found it on level 4 of the Depths)
 78507 | Depths:5 | Entered Level 5 of the Depths
 79097 | Depths:5 | Identified the +9 scimitar "Zezaagou" {antimagic, rN+} (You took it off a spriggan defender on level 5 of the Depths)
 79997 | Depths:5 | Found a gate to the Realm of Zot.
 80182 | Hell     | Entered the Vestibule of Hell
 80182 | Hell     | Noticed Geryon
 80272 | Depths:4 | Voluntarily entered the Abyss.
 80946 | Abyss:1  | Noticed an ancient lich
 80976 | Abyss:1  | Killed an ancient lich
 81238 | Abyss:2  | Identified a scroll of acquirement
 82104 | Abyss:3  | Got an abyssal rune of Zot
 82119 | Abyss:3  | Identified the +9 plate armour of the Elephant {+Inv Regen+ Int-5} (You found it on level 3 of the Abyss)
 82203 | Depths:4 | Escaped the Abyss
 82587 | Crypt:1  | Entered Level 1 of the Crypt
 84158 | Crypt:2  | Reached skill level 10 in Spellcasting
 84753 | Crypt:3  | Entered Level 3 of the Crypt
 85718 | Crypt:3  | Found a basalt altar of Yredelemnul.
 85718 | Crypt:3  | Noticed an ancient lich
 85757 | Crypt:3  | Killed an ancient lich
 86042 | Crypt:3  | Noticed Sojobo
 86395 | Crypt:3  | Found a staircase to the Tomb.
 86808 | Crypt:3  | Killed Sojobo
 87247 | Vaults:5 | Entered Level 5 of the Vaults
 87516 | Vaults:5 | Identified the ring of Monnow {MP+9 Int-5 Dex+6} (You took it off a deep elf demonologist on level 5 of the Vaults)
 87629 | Vaults:5 | Noticed an ancient lich
 87643 | Vaults:5 | Killed an ancient lich
 87658 | Vaults:5 | Got a silver rune of Zot
 87686 | Vaults:5 | Reached skill level 15 in Short Blades
 89509 | Vaults:5 | Identified the Tome of Boosting Stones
 89792 | Vaults:5 | Found Wuphos's Antique Weapon Shoppe.
 91882 | Slime:1  | Entered Level 1 of the Pits of Slime
 92064 | Slime:2  | Reached skill level 15 in Stealth
 92348 | Slime:5  | Entered Level 5 of the Pits of Slime
 92387 | Slime:5  | Found a viscous altar of Jiyva.
 92389 | Slime:5  | Noticed the Royal Jelly
 92429 | Slime:5  | Killed the Royal Jelly
 92703 | Slime:5  | Gained mutation: You occasionally shout uncontrollably at your foes. [a shining eye]
 93174 | Slime:5  | Got a slimy rune of Zot
 93722 | Slime:2  | Gained mutation: You expend magic power (3 MP) to strengthen your wands. [a shining eye]
 94181 | Slime:3  | Noticed Dissolution
 94249 | Slime:3  | Killed Dissolution
 94501 | Lair:6   | Lost mutation: You expend magic power (3 MP) to strengthen your wands. [potion of cure mutation]
 94501 | Lair:6   | Lost mutation: You occasionally shout uncontrollably at your foes. [potion of cure mutation]
 94944 | Zot:1    | Entered Level 1 of the Realm of Zot
 97913 | Zot:2    | Identified a +2 pair of boots of running (You found it on level 2 of the Realm of Zot)
 98404 | Zot:3    | Reached skill level 15 in Shields
100417 | Zot:4    | Reached skill level 15 in Evocations
101647 | Zot:5    | Entered Level 5 of the Realm of Zot
102962 | Pan      | Entered Pandemonium
102967 | Pan      | Found an exit through the horrors of the Abyss.
103528 | Pan      | Found an exit through the horrors of the Abyss.
103595 | Pan      | Got a warped rapier {flame}
103599 | Pan      | Identified the cursed +1 rapier of the Demagogue {flame, rPois rF++ rN+ Str-2} (You took it off a torturous demonspawn in Pandemonium)
103776 | Pan      | Gained mutation: You are dopey. (Int -2) [a cacodemon]
103824 | Pan      | Noticed Uroppan the pandemonium lord
104456 | Pan      | Entered the realm of Mnoleg.
104907 | Pan      | Gained mutation: You are weak. (Str -2) [a shining eye]
105374 | Pan      | Noticed Mnoleg
105550 | Pan      | Killed Mnoleg
105619 | Pan      | Got a glowing rune of Zot
105768 | Pan      | Entered the realm of Gloorx Vloq.
106030 | Pan      | Noticed Gloorx Vloq
106165 | Pan      | Killed Gloorx Vloq
106224 | Pan      | Got a dark rune of Zot
106525 | Pan      | Found an exit through the horrors of the Abyss.
106532 | Pan      | Took an exit into the Abyss.
106532 | Abyss:1  | Escaped into the Abyss
106668 | Abyss:1  | Found a corrupted altar of Lugonu.
107086 | Depths:3 | Escaped the Abyss
107165 | D:15     | Lost mutation: You are dopey. (Int -2) [potion of cure mutation]
107165 | D:15     | Lost mutation: You are weak. (Str -2) [potion of cure mutation]
107446 | Tomb:1   | Entered Level 1 of the Tomb of the Ancients
108597 | Tomb:1   | Noticed a greater mummy
108606 | Tomb:1   | Noticed a greater mummy
108606 | Tomb:1   | Noticed a greater mummy
108606 | Tomb:1   | Noticed a greater mummy
108607 | Tomb:1   | Noticed a greater mummy
109339 | Tomb:2   | Noticed a greater mummy
109343 | Tomb:2   | Noticed a greater mummy
109343 | Tomb:2   | Noticed a greater mummy
109344 | Tomb:2   | Noticed a greater mummy
110169 | Zot:5    | Noticed an ancient lich
110391 | Zot:5    | Killed an ancient lich
110559 | Zot:5    | Noticed an orb of fire
110560 | Zot:5    | Noticed an ancient lich
110589 | Zot:5    | Killed an orb of fire
110602 | Zot:5    | Noticed an ancient lich
110606 | Zot:5    | Corrupted Zot:5
110616 | Zot:5    | Killed an ancient lich
110633 | Zot:5    | Killed an ancient lich
110822 | Zot:5    | Noticed an ancient lich
110871 | Zot:5    | Killed an ancient lich
110887 | Zot:5    | Killed an ancient lich
110964 | Zot:5    | Noticed an orb of fire
111002 | Zot:5    | Killed an orb of fire
111368 | Zot:5    | Noticed an ancient lich
111380 | Zot:5    | Killed an ancient lich
111553 | Zot:5    | Noticed an orb of fire
111579 | Zot:5    | Killed an orb of fire
111675 | Zot:5    | Got the Orb of Zot
112337 | D:$      | Escaped with the Orb!

Skill      XL: |  1  2  3  4  5  6  7  8  9 10 11 12 13 14 15 16 17 18 19 20 21 22 23 24 25 26 27 |
---------------+----------------------------------------------------------------------------------+-----
Fighting       | 3 5 6 8 9 10 11 12 14 15 16 17 18 19 24 | 24.2
Short Blades   | 3 4 5 6 7 8 9 10 11 12 14 17 | 17.0
Stealth        | 1 2 5 6 7 10 12 20 | 20.0
Armour         | 3 4 5 7 8 9 10 11 12 13 15 17 22 | 22.0
Invocations    | 3 4 5 6 7 9 10 12 | 12.7
Evocations     | 2 5 7 8 9 11 12 16 | 16.4
Dodging        | 3 6 7 8 9 10 12 13 14 15 16 18 24 | 24.0
Translocations | 4 6 7 8 |  8.5
Spellcasting   | 2 3 5 7 8 10 | 10.0
Necromancy     | 4 7 10 12 | 12.5
Shields        | 5 8 10 16 | 16.0
Hexes          | 3 4 |  4.4
Charms         | 4 8 |  8.7

Action                   |  1- 3 |  4- 6 |  7- 9 | 10-12 | 13-15 | 16-18 | 19-21 | 22-24 | 25-27 || total
-------------------------+-------+-------+-------+-------+-------+-------+-------+-------+-------++-------
Melee: Short sword       |   129 |   283 |   602 |   323 |    88 |       |       |       |       ||  1425
       Dagger            |       |       |       |  1385 |   701 |       |       |       |       ||  2086
       Quick blade       |       |       |       |       |  1888 |  2506 |  2940 |  2005 | 12091 || 21430
 Fire: Hunting sling     |    13 |    12 |    45 |     4 |       |       |       |       |       ||    74
       Blowgun           |       |       |       |       |       |     2 |       |       |       ||     2
Throw: Stone             |    24 |    32 |    26 |    17 |     6 |       |       |       |       ||   105
       Throwing net      |       |       |       |     2 |     1 |       |       |       |    16 ||    19
       Tomahawk          |       |       |       |    15 |       |       |       |       |       ||    15
 Cast: Animate Skeleton  |       |       |       |       |    99 |    41 |     9 |    15 |    80 ||   244
       Blink             |       |       |       |       |     5 |     5 |    10 |     1 |    29 ||    50
       Apportation       |       |       |       |       |     3 |       |     1 |       |     9 ||    13
       Regeneration      |       |       |       |       |     1 |    38 |    44 |    31 |   173 ||   287
       Repel Missiles    |       |       |       |       |     1 |     7 |     8 |     7 |    33 ||    56
       Spectral Weapon   |       |       |       |       |       |    56 |    94 |    56 |   371 ||   577
       Song of Slaying   |       |       |       |       |       |     1 |     4 |     1 |    10 ||    16
       Corpse Rot        |       |       |       |       |       |       |       |     1 |     9 ||    10
       Dispel Undead     |       |       |       |       |       |       |       |     2 |    33 ||    35
       Control Undead    |       |       |       |       |       |       |       |       |    34 ||    34
       Passage of Golubr |       |       |       |       |       |       |       |       |     2 ||     2
       Lesser Beckoning  |       |       |       |       |       |       |       |       |     1 ||     1
Invok: Depart the Abyss  |     1 |       |       |       |       |       |       |     1 |     1 ||     3
       Bend Space        |       |     1 |       |     2 |       |       |       |       |       ||     3
       Banish            |       |       |     7 |     7 |    10 |     1 |     1 |       |    11 ||    37
       Corrupt           |       |       |       |       |     1 |       |       |       |     1 ||     2
       Brand Weapon With |       |       |       |       |     1 |       |       |       |       ||     1
Evoke: Wand              |       |       |     5 |    23 |    40 |    18 |    83 |    16 |    61 ||   246
       Rod               |       |       |       |       |       |     4 |       |     5 |    11 ||    20
       Phantom mirror    |       |       |       |       |       |     1 |       |       |     4 ||     5
       Box of beasts     |       |       |       |       |       |       |     1 |     2 |     6 ||     9
       Lamp of fire      |       |       |       |       |       |       |     1 |     3 |     8 ||    12
       Phial of floods   |       |       |       |       |       |       |       |     1 |     4 ||     5
       Fan of gales      |       |       |       |       |       |       |       |     1 |     1 ||     2
  Use: Scroll            |     5 |     4 |    10 |    12 |     9 |     8 |    14 |    18 |    57 ||   137
       Potion            |     1 |     3 |     2 |     1 |       |       |     2 |     5 |    36 ||    50
 Stab: Sleeping          |     2 |       |     1 |       |    14 |    14 |    39 |    22 |    78 ||   170
       Held in net/web   |       |       |       |     2 |     2 |       |       |       |    25 ||    29
       Paralysed         |       |       |       |     2 |     3 |     1 |     4 |       |     1 ||    11
       Distracted        |       |       |       |     2 |     3 |    18 |    17 |    13 |   159 ||   212
       Confused          |       |       |       |    11 |     9 |     7 |    18 |       |     5 ||    50
       Invisible         |       |       |       |       |       |       |       |       |    11 ||    11
  Eat: Chunk             |    13 |     6 |    21 |    42 |    59 |    50 |    57 |    27 |    49 ||   324
       Fruit             |       |       |     1 |       |       |       |       |       |     5 ||     6
       Bread ration      |       |       |       |     1 |       |       |       |     2 |     8 ||    11
       Pizza             |       |       |       |       |     1 |       |       |       |       ||     1
       Beef jerky        |       |       |       |       |       |     1 |     1 |     1 |     7 ||    10
       Royal jelly       |       |       |       |       |       |       |     1 |       |     2 ||     3
       Meat ration       |       |       |       |       |       |       |       |       |    16 ||    16
Armor: Leather armour    |    26 |       |       |       |       |       |       |       |       ||    26
       Ring mail         |     8 |    75 |    33 |       |   328 |   286 |   362 |   110 |       ||  1202
       Skin              |       |     5 |       |       |       |       |       |       |       ||     5
       Scale mail        |       |       |   130 |   311 |   101 |       |       |    36 |   285 ||   863
       Quicksilver drago |       |       |       |       |       |       |       |       |  1026 ||  1026
Dodge: Dodged            |    91 |   154 |   278 |   811 |  1176 |   869 |  1087 |   470 |  4607 ||  9543
       Deflected         |       |       |       |       |       |    15 |    22 |    27 |    93 ||   157
Block: Buckler           |       |       |       |       |    55 |   465 |   524 |   309 |  2391 ||  3744
